 Dungeon Crawl Stone Soup version 0.31-a0-187-gba352fbbf7 (webtiles) character file.

Game seed: 4455040078646951152

11513 qw the Markself (level 11, -1/64 HPs)
             Began as a Deep Elf Hunter on June 22, 2023.
             Was an Elder of Okawaru.
             Slain by a death yak (25 damage)
             ... on level 1 of the Lair of Beasts.
             The game lasted 00:03:07 (7140 turns).

qw the Markself (Deep Elf Hunter)                   Turns: 7140, Time: 00:03:08

Health: -1/64      AC: 20    Str:  9    XL:     11   Next: 50%
Magic:  14/16      EV: 21    Int: 18    God:    Okawaru [****..]
Gold:   540        SH:  0    Dex: 18    Spells: 10/10 levels left

rFire   . . .        Y - +2 arbalest (heavy)
rCold   + . .        (shield currently unavailable)
rNeg    . . .        a - +5 steam dragon scales "Aloyxupt" {Harm Will++ Str-3 SInv}
rPois   .            k - +2 helmet {Int+3}
rElec   .            f - +1 cloak
rCorr   .            j - +2 pair of gloves
SInv    +            (no boots)
Will    +++..        h - amulet of faith
Stlth   +++          e - ring of protection from cold
HPRegen 0.30/turn    (no ring)
MPRegen 0.15/turn

%: harm (+30% outgoing, +20% incoming), faith
@: heroic
A: no striking features
a: Renounce Religion, Heroism, Finesse


You were on level 1 of the Lair of Beasts.
You worshipped Okawaru.
Okawaru was greatly pleased with you.
You visited 3 branches of the dungeon, and saw 11 of its levels.

You collected 540 gold pieces.


   Skills:
 - Level 6.0(11.0) Fighting
 - Level 20.0(25.0) Ranged Weapons
 + Level 2.0(7.0) Armour
 - Level 9.0(14.0) Dodging
 - Level 1.2(6.2) Stealth
 + Level 5.0 Invocations


You had 10 spell levels left.
You didn't know any spells.
Your spell library was empty.

Inventory:

Hand Weapons
 Y - a +2 heavy arbalest (weapon)
Armour
 a - the +5 steam dragon scales "Aloyxupt" (worn) {Harm Will++ Str-3 SInv}
   (You took it off a hobgoblin on level 3 of the Dungeon)

   Str:       It affects your strength (-3).
   SInv:      It lets you see invisible.
   Harm:      It increases damage dealt and taken.
   Will:      It greatly increases your willpower.
 f - a +1 cloak (worn)
 j - a +2 pair of gloves (worn)
 k - a +2 helmet of intelligence (worn)
 p - a +0 ring mail of cold resistance
Jewellery
 e - a ring of protection from cold (left hand)
 h - an amulet of faith (around neck)
Scrolls
 b - 2 scrolls of teleportation
 g - a scroll of identify
Potions
 d - 4 potions of curing
 i - a potion of mutation
 l - a potion of heal wounds
 m - a potion of cancellation
 s - a potion of might
 u - a potion of magic {unknown}

Dungeon Overview and Level Annotations

Branches:
Dungeon (9/15)             Temple (1/1) D:4            Lair (1/5) D:9
    Orc: D:9-12

Altars:
Ashenzari
Cheibriados
Dithmenos
Elyvilon
Fedhas
Gozag
Hepliaklqana
Kikubaaqudgha
Makhleb
Nemelex Xobeh
Okawaru
Qazlal
Ru
Sif Muna
Trog
Uskayaw
Vehumet
Wu Jian
Xom
Yredelemnul
Zin

Shops:
D:1 :   D:2 [   D:5 =


Message History

A death yak comes into view.
The death yak completely misses you. The water moccasin misses you.
A death yak comes into view.
You shoot a bolt. The bolt barely misses the death yak.
The water moccasin barely misses you.
The death yak gores you but does no damage.
The death yak misses you. The water moccasin barely misses you.
A bullfrog comes into view.
The death yak barely misses you. The death yak misses you.
A yak comes into view.
You shoot a bolt. The bolt hits the death yak!!!
You kill the death yak!
Okawaru accepts your kill. The water moccasin misses you.
The water moccasin barely misses you. The yak completely misses you.
The death yak completely misses you.
Your base Fighting skill increases to level 6!
Your Invocations skill increases to level 5!
You shoot a bolt. The bolt hits the death yak!!
The death yak is moderately wounded.
You feel like a meek peon again.
The bullfrog hits you but does no damage.
The water moccasin bites you but does no damage.
The death yak gores you! The bullfrog barely misses you.
The water moccasin bites you but does no damage.
The yak misses you. The death yak completely misses you. x2
7139 ||| INVOKING Heroism.
You gain the combat prowess of a mighty hero.
The bullfrog hits you but does no damage.
The water moccasin bites you but does no damage.
The bullfrog hits you but does no damage.
The death yak gores you! The yak closely misses you.
The death yak gores you but does no damage.
The water moccasin completely misses you.
You shoot a bolt.
The bolt completely misses the death yak.
The bullfrog completely misses you.
The water moccasin completely misses you.
The yak completely misses you. The bullfrog closely misses you.
The death yak gores you!!
You die...

......#.#.#####........
...........#...........
........#...#.#.........
............#...........
........................
......#####...#.........
....##......#..........
##.F...+..Pb.......#.
#..S@Y.#.............
#...%YY...........#...
#....YY..#........ ...
#.....Y##.#........
..}.... ####.......
.(....% ...... .......
... }.>.}..


You could see 3 death yaks, 3 yaks, a water moccasin and a bullfrog.

Vanquished Creatures
  3 death yaks (Lair:1)
  A black mamba (Lair:1)
  A cane toad (Lair:1)
  Grinder (D:5)
  2 hornets
  A shadow (D:9)
  8 yaks
  3 wyverns (D:9)
  3 basilisks (D:9)
  Duvessa (D:7)
  4 water moccasins
  2 orc warriors
  2 black bears
  2 ogres
  4 centaurs
  A kobold brigand (D:3)
  4 bullfrogs
  A gnoll sergeant (D:9)
  5 scorpions
  12 wights (D:8)
  Dowan (D:7)
  5 howler monkeys
  7 hounds
  5 orc priests
  A gnoll bouda (D:6)
  4 iguanas
  2 sleepcaps (D:6)
  8 orc wizards
  5 adders
  11 gnolls
  3 shadow imps (D:7)
  2 dart slugs
  28 orcs
  8 ball pythons
  6 bats
  5 endoplasms
  A giant cockroach (D:3)
  11 goblins
  10 hobgoblins
  6 jackals (D:2)
  13 kobolds
  6 quokkas
  5 frilled lizards
  8 rats
222 creatures vanquished.

Vanquished Creatures (others)
  2 yaks (D:8)
2 creatures vanquished.

Grand Total: 224 creatures vanquished

Notes
Turn   | Place    | Note
-------+----------+-------------------------------------------
     0 | D:1      | qw the Deep Elf Hunter began the quest for the Orb.
     0 | D:1      | Reached XP level 1. HP: 12/12 MP: 3/3
     0 | D:1      | 0 ||| qw: Version: 0.3-a-9-g12657ce
     0 | D:1      | 0 ||| qw: Game counter: 2025
     0 | D:1      | 0 ||| qw: Always use a shield: true
     0 | D:1      | 0 ||| qw: God list: Okawaru
     0 | D:1      | 0 ||| qw: Allow faded altars: false
     0 | D:1      | 0 ||| qw: Do Orc after D:15 true
     0 | D:1      | 0 ||| qw: Do second Lair branch before Depths: true
     0 | D:1      | 0 ||| qw: Lair rune preference: random
     0 | D:1      | 0 ||| qw: Plans: Normal
     0 | D:1      | 0 ||| PLANNING D:1-11
    97 | D:1      | Reached XP level 2. HP: 16/16 MP: 4/4
   119 | D:1      | Reached skill level 6 in Ranged Weapons
   119 | D:1      | 119 ||| READING scroll labelled MEIS ACSOZE.
   120 | D:1      | 120 ||| DROPPING scroll of butterflies.
   153 | D:1      | 153 ||| DRINKING 2 golden potions.
   181 | D:1      | 181 ||| Stepping ~*~*~tactically~*~*~ (water).
   183 | D:1      | 183 ||| Stepping ~*~*~tactically~*~*~ (water).
   272 | D:1      | Found Peott's Book Boutique.
   300 | D:1      | 300 ||| FLEEEEING.
   301 | D:1      | 301 ||| FLEEEEING.
   348 | D:1      | Reached XP level 3. HP: 20/20 MP: 5/5
   604 | D:1      | 604 ||| UPGRADING to ring of protection from cold.
   605 | D:1      | 605 ||| READING scroll labelled SULIRGH TUSE.
   657 | D:2      | Found Waluma's Antique Armour Shoppe.
   663 | D:2      | Reached skill level 7 in Ranged Weapons
   677 | D:2      | 677 ||| SHOPLISTING ring mail (76 gold, have 12).
  1020 | D:2      | Reached XP level 4. HP: 16/25 MP: 6/6
  1137 | D:2      | 1137 ||| UPGRADING to +0 cloak.
  1142 | D:2      | 1142 ||| READING scroll of enchant armour.
  1142 | D:2      | 1142 ||| ENCHANTING +0 cloak.
  1143 | D:2      | 1143 ||| DRINKING 2 sapphire potions.
  1385 | D:3      | Reached skill level 8 in Ranged Weapons
  1492 | D:3      | Noticed a kobold brigand
  1495 | D:3      | Identified the +5 steam dragon scales "Aloyxupt" {Harm
                  | Will++ Str-3 SInv}
  1500 | D:3      | HP: 4/25 [kobold brigand/+0 short sword (5)]
  1501 | D:3      | 1501 ||| DRINKING 2 potions of heal wounds.
  1512 | D:3      | HP: 2/25 [kobold brigand/+0 short sword (6)]
  1513 | D:3      | 1513 ||| DRINKING potion of heal wounds.
  1517 | D:3      | Killed a kobold brigand
  1518 | D:3      | Reached skill level 9 in Ranged Weapons
  1518 | D:3      | Reached XP level 5. HP: 18/29 MP: 7/7
  1955 | D:3      | 1955 ||| UPGRADING to +5 steam dragon scales "Aloyxupt"
                  | {Harm Will++ Str-3 SInv}.
  1965 | D:3      | 1965 ||| DROPPING +0 leather armour.
  1966 | D:3      | 1966 ||| DROPPING ring of wizardry.
  1967 | D:3      | 1967 ||| READING 2 scrolls labelled TEIBOE GIUME.
  1968 | D:3      | 1968 ||| READING scroll labelled GALOUC AKKIZIB.
  2009 | D:4      | Found a staircase to the Ecumenical Temple.
  2010 | D:4      | 2010 ||| PLANNING TEMPLE
  2018 | D:4      | Reached skill level 3 in Dodging
  2066 | D:4      | 2066 ||| READING scroll labelled DAGIST USAOCILIQ.
  2076 | D:4      | Reached XP level 6. HP: 35/35 MP: 8/8
  2435 | D:4      | Reached skill level 10 in Ranged Weapons
  2470 | D:4      | 2470 ||| UPGRADING to +0 helmet.
  2475 | D:4      | 2475 ||| UPGRADING to +2 pair of gloves.
  2480 | D:4      | 2480 ||| READING scroll labelled TOVOBBASAI.
  2481 | D:4      | 2481 ||| DRINKING 2 smoky golden potions.
  2522 | D:4      | 2522 ||| DROPPING potion of lignification.
  2581 | Temple   | Entered the Ecumenical Temple
  2679 | Temple   | 2679 ||| PLANNING D:1-11
  2836 | D:4      | 2836 ||| READING 2 scrolls of identify.
  2836 | D:4      | 2836 ||| IDENTIFYING coppery potion
  2837 | D:4      | 2837 ||| DROPPING potion of degeneration.
  2848 | D:5      | Entered Level 5 of the Dungeon
  2869 | D:5      | Reached skill level 1 in Armour
  2902 | D:5      | Reached XP level 7. HP: 40/40 MP: 9/9
  3138 | D:5      | Reached skill level 11 in Ranged Weapons
  3166 | D:5      | Found Goampok's Jewellery Emporium.
  3166 | D:5      | Noticed Grinder
  3167 | D:5      | 3167 ||| SWAPPING to +0 orcbow.
  3174 | D:5      | Killed Grinder
  3175 | D:5      | Reached skill level 12 in Ranged Weapons
  3175 | D:5      | Reached XP level 8. HP: 44/44 MP: 10/10
  3175 | D:5      | 3175 ||| DROPPING +0 shortbow of draining.
  3180 | D:5      | 3180 ||| SHOPLISTING +4 ring of protection (540 gold, have
                  | 174).
  3180 | D:5      | 3180 ||| SHOPLISTING +6 ring of strength (540 gold, have
                  | 174).
  3180 | D:5      | 3180 ||| SHOPLISTING ring of Ciebuzel {rF+ AC+4} (750 gold,
                  | have 174).
  3180 | D:5      | 3180 ||| SHOPLISTING ring of poison resistance (300 gold,
                  | have 174).
  3180 | D:5      | 3180 ||| SHOPLISTING ring of protection from cold (375
                  | gold, have 174).
  3180 | D:5      | 3180 ||| SHOPLISTING ring of resist corrosion (300 gold,
                  | have 174).
  3180 | D:5      | 3180 ||| SHOPLISTING ring of the Ancients {rC+ Will+ Str+4
                  | Dex+6 Stlth-} (939 gold, have 174).
  3204 | D:5      | Found an ancient bone altar of Kikubaaqudgha.
  3251 | D:5      | Found a sacrificial altar of Ru.
  3257 | D:5      | Found a hide-covered altar of Uskayaw.
  3262 | D:5      | Found a shimmering altar of Xom.
  3395 | D:5      | 3395 ||| READING scroll labelled DASHRE VUPOJAIM.
  3395 | D:5      | Identified a scroll of acquirement
  3395 | D:5      | 3395 ||| ACQUIRING +2 arbalest of flaming
  3395 | D:5      | Acquired a +2 arbalest of flaming
  3397 | D:5      | 3397 ||| SWAPPING to +2 arbalest of flaming.
  3398 | D:5      | 3398 ||| DROPPING +0 orcbow.
  3399 | D:5      | 3399 ||| READING 2 scrolls of identify.
  3399 | D:5      | 3399 ||| IDENTIFYING viscous emerald potion
  3400 | D:5      | 3400 ||| DROPPING potion of invisibility.
  3481 | D:6      | Reached skill level 3 in Fighting
  3857 | D:6      | Identified the +1 leather armour of Daisies {Rampage rC+
                  | Stlth+}
  3912 | D:6      | 3912 ||| READING scroll of enchant armour.
  3912 | D:6      | 3912 ||| ENCHANTING +0 helmet.
  3959 | D:6      | Reached skill level 13 in Ranged Weapons
  3971 | D:6      | Found a bloodstained altar of Trog.
  4030 | D:6      | 4030 ||| DROPPING +0 scale mail.
  4031 | D:6      | 4031 ||| DROPPING +0 ring mail.
  4032 | D:6      | 4032 ||| DROPPING +1 leather armour of Daisies {Rampage rC+
                  | Stlth+}.
  4033 | D:6      | 4033 ||| READING scroll labelled CETOAK UQOOKO.
  4134 | D:6      | 4134 ||| READING scroll labelled CUSADY KIDUEZU.
  4135 | D:6      | 4135 ||| READING scroll labelled USCHOJ JEMU.
  4136 | D:6      | 4136 ||| DRINKING 2 lumpy dark potions.
  4137 | D:6      | 4137 ||| READING 2 scrolls of identify.
  4137 | D:6      | 4137 ||| IDENTIFYING fuming red potion
  4138 | D:6      | 4138 ||| DROPPING potion of attraction.
  4233 | D:7      | Identified the +5 dagger of Kuofraopt {heavy, Fly Int+3}
  4284 | D:7      | Noticed a hornet
  4293 | D:7      | Paralysed by a hornet for 1 turns
  4297 | D:7      | Killed a hornet
  4302 | D:7      | HP: 11/46 [poisoned by a hornet]
  4446 | D:7      | 4446 ||| Stepping ~*~*~tactically~*~*~ (outnumbered).
  4449 | D:7      | Noticed Duvessa
  4455 | D:7      | Noticed Dowan
  4458 | D:7      | Killed Duvessa
  4459 | D:7      | Reached skill level 14 in Ranged Weapons
  4459 | D:7      | Reached XP level 9. HP: 41/51 MP: 11/11
  4460 | D:7      | Killed Dowan
  4552 | D:7      | Reached skill level 6 in Dodging
  5002 | D:7      | Found an iron altar of Okawaru.
  5003 | D:7      | 5003 ||| PLANNING OKAWARU WORSHIP
  5047 | D:7      | 5047 ||| UPGRADING to amulet of faith.
  5052 | D:7      | 5052 ||| READING scroll labelled JUSHRA SAFORGHI.
  5053 | D:7      | 5053 ||| READING 3 scrolls of identify.
  5053 | D:7      | 5053 ||| IDENTIFYING orange potion
  5054 | D:7      | 5054 ||| DRINKING potion of experience.
  5054 | D:7      | Reached skill level 20 in Ranged Weapons
  5054 | D:7      | Reached XP level 10. HP: 56/56 MP: 12/12
  5055 | D:7      | 5055 ||| READING 2 scrolls of identify.
  5055 | D:7      | 5055 ||| IDENTIFYING ruby potion
  5069 | D:7      | Became a worshipper of Warmaster Okawaru
  5070 | D:7      | 5070 ||| PLANNING D:1-11
  5185 | D:7      | Found a white marble altar of Elyvilon.
  5388 | D:8      | Reached * piety under Okawaru
  5410 | D:8      | Found a snail-covered altar of Cheibriados.
  5410 | D:8      | Found a broken altar of Ashenzari.
  5454 | D:8      | Found a shimmering blue altar of Sif Muna.
  5548 | D:8      | Reached skill level 1 in Invocations
  6208 | D:8      | 6208 ||| READING 2 scrolls labelled ERUROU YLIDGH.
  6209 | D:8      | 6209 ||| DROPPING scroll of noise.
  6380 | D:9      | Reached ** piety under Okawaru
  6389 | D:9      | 6389 ||| INVOKING Heroism.
  6393 | D:9      | Reached skill level 3 in Invocations
  6398 | D:9      | Reached XP level 11. HP: 33/61 MP: 13/15
  6491 | D:9      | Found a staircase to the Lair.
  6508 | D:9      | 6508 ||| FLEEEEING.
  6510 | D:9      | 6510 ||| FLEEEEING.
  6511 | D:9      | 6511 ||| FLEEEEING.
  6512 | D:9      | 6512 ||| FLEEEEING.
  6513 | D:9      | 6513 ||| FLEEEEING.
  6514 | D:9      | 6514 ||| FLEEEEING.
  6521 | D:9      | 6521 ||| FLEEEEING.
  6522 | D:9      | 6522 ||| FLEEEEING.
  6523 | D:9      | 6523 ||| FLEEEEING.
  6524 | D:9      | 6524 ||| FLEEEEING.
  6525 | D:9      | 6525 ||| FLEEEEING.
  6529 | D:9      | 6529 ||| FLEEEEING.
  6530 | D:9      | 6530 ||| FLEEEEING.
  6666 | D:9      | Reached *** piety under Okawaru
  6763 | D:9      | Found a sparkling altar of Nemelex Xobeh.
  6768 | D:9      | 6768 ||| READING scroll of brand weapon.
  6768 | D:9      | 6768 ||| BRANDING +2 arbalest of flaming.
  7000 | D:9      | 7000 ||| PLANNING LAIR
  7000 | D:9      | 7000 ||| UPGRADING to +2 helmet of intelligence.
  7010 | D:9      | 7010 ||| DROPPING +1 helmet.
  7011 | D:9      | 7011 ||| DROPPING +1 robe of willpower.
  7012 | D:9      | 7012 ||| READING 2 scrolls of identify.
  7012 | D:9      | 7012 ||| IDENTIFYING viscous orange potion
  7031 | Lair:1   | Entered Level 1 of the Lair of Beasts
  7032 | Lair:1   | 7032 ||| INVOKING Heroism.
  7121 | Lair:1   | 7121 ||| INVOKING Heroism.
  7125 | Lair:1   | Reached skill level 9 in Dodging
  7126 | Lair:1   | Noticed a death yak
  7126 | Lair:1   | Noticed a death yak
  7127 | Lair:1   | Noticed a death yak
  7127 | Lair:1   | Noticed a death yak
  7131 | Lair:1   | Killed a death yak
  7131 | Lair:1   | Reached **** piety under Okawaru
  7134 | Lair:1   | Killed a death yak
  7135 | Lair:1   | Noticed a death yak
  7136 | Lair:1   | Noticed a death yak
  7137 | Lair:1   | Killed a death yak
  7138 | Lair:1   | Reached skill level 6 in Fighting
  7139 | Lair:1   | 7139 ||| INVOKING Heroism.
  7140 | Lair:1   | Slain by a death yak

Levels and vault maps discovered:
D:1:      reono_arrival_forest_river, layout_loops_ring, serial_shops, shop,
          st_stairs_12, nicolae_concentric_dashed_squares_mild,
          chequers_serial_rivers_small_b, corner_web_ring
D:2:      minmay_angry_zag, layout_rooms, serial_shops, shop
D:3:      layout_loops_ring, minivault_24, minmay_checkerbox
D:4:      layout_basic, minmay_temple_entry_proselytizer
D:5:      layout_cave_pools, minmay_overflow_temple_star_quad,
          kiku_gazebo_garden_becter, serial_shops, kennysheep_little_box,
          uniq_grinder
D:6:      layout_loops_ring, mainiacjoe_overflow_24_doors
D:7:      layout_cave_pods, mainiacjoe_overflow_catwalk,
          nicolae_elyvilon_temple_path, serial_column_ruins,
          column_ruins_square_small, column_ruins_hut_ruined,
          column_ruins_open_tiny, column_ruins_grid_3,
          column_ruins_open_medium_water, column_ruins_corridor_dead_end,
          column_ruins_open_tiny, minmay_hedge_maze, minmay_diced_spiral,
          uniq_duvessa
D:8:      layout_basic, marbit_many_paths, nicolae_overflow_two_pavilions,
          lemuel_flamethrower_2
D:9:      layout_roguey, nemelex_xobeh_ov_fountains_minmay,
          minmay_lair_entry_grove
Temple:   hellmonk_temple_beads
Lair:1:   layout_cave_shapes, lemuel_fruit_fields, infiniplex_staircase_pool_2,
          grunt_megastairs_3, lemuel_fruit_fields

Skill      XL: |  1  2  3  4  5  6  7  8  9 10 11 |
---------------+----------------------------------+-----
Ranged Weapons | 6 7 9 10 12 14 20 | 20.0
Dodging        | 3 4 5 6 7 9 |  9.0
Fighting       | 2 3 4 6 |  6.0
Armour         | 1 2 |  2.0
Invocations    | 3 5 |  5.0
Stealth        | |  1.2

Action                     |  1- 3 |  4- 6 |  7- 9 | 10-12 || total
---------------------------+-------+-------+-------+-------++-------
   Fire: Shortbow          |   125 |   202 |    35 |       ||   362
         Orcbow            |       |       |    14 |       ||    14
         Arbalest          |       |       |    95 |   183 ||   278
 Invoke: Heroism           |       |       |       |     4 ||     4
    Use: Scroll            |     2 |     6 |     9 |     4 ||    21
         Potion            |     1 |     4 |     2 |       ||     7
 Armour: Leather armour    |     4 |    11 |       |       ||    15
         Steam dragon scal |       |    11 |    26 |    23 ||    60
  Dodge: Dodged            |    23 |    39 |    35 |    64 ||   161

Table legend:
 A = Non-vault XP
 B = Vault XP
 C = Vault XP percentage of total XP
 D = Non-vault monster count
 E = Vault monster count
 F = Vault count percentage of total count
                 A         B        C        D         E       F
            +---------+---------+-------+---------+---------+-------
      Total |    6862 |    6118 |  47.1 |     191 |      31 |  14.0
            +---------+---------+-------+---------+---------+-------
        D:1 |      40 |       2 |   4.8 |      23 |       1 |   4.2
        D:2 |      56 |      15 |  21.1 |      25 |       2 |   7.4
        D:3 |      86 |     103 |  54.5 |      26 |       4 |  13.3
        D:4 |     315 |      41 |  11.5 |      17 |       1 |   5.6
        D:5 |     550 |     295 |  34.9 |      14 |       1 |   6.7
        D:6 |     888 |       0 |   0.0 |      18 |       0 |   0.0
        D:7 |    1037 |     246 |  19.2 |      12 |       4 |  25.0
        D:8 |    1597 |     131 |   7.6 |      30 |       1 |   3.2
        D:9 |    1875 |    2346 |  55.6 |      25 |      13 |  34.2
     Lair:1 |     418 |    2939 |  87.5 |       1 |       4 |  80.0
            +---------+---------+-------+---------+---------+-------
